 Dungeon Sprint DCSS version 0.17-a0-1176-g3d5a0d0 (webtiles) character file.

5618 nuthulu the Grappler (level 10, -5/169 HPs)
             Began as a Troll Berserker on May 30, 2015.
             Was the Champion of Trog.
             Slain by a giant leech (24 damage)
             ... in the Dungeon (Sprint IX: "|||||||||||||||||||||||||||||").
             The game lasted 00:03:32 (638 turns).

nuthulu the Grappler (Troll Berserker)               Turns: 638, Time: 00:03:32

Health: -5/169     AC: 10    Str: 34    XL:     10   Next: 45%
Magic:  9/9        EV: 16    Int:  3    God:    Trog [******]
Gold:   0          SH:  0    Dex: 13    Spells: 0 memorised, 9 levels left

rFire  . . .     SeeInvis .       - Unarmed
rCold  . . .     Clarity  .     a - +0 animal skin
rNeg   . . .     SustAt   .     (no shield)
rPois  .         Gourm    +     (helmet restricted)
rElec  .         Spirit   .     m - +2 cloak
rCorr  .         Warding  .     (gloves unavailable)
rMut   .         NoTele   +     (boots unavailable)
MR     .....                    (no amulet)
Stlth  ..........               o - +3 ring of dexterity
                                n - +2 ring of protection

@: berserking, lethally poisoned (-5 -> -15), very quick, not resistant to
hostile enchantments, extremely unstealthy
A: unfitting armour, claws 3, fast metabolism 3, gourmand, regeneration 2,
shaggy fur 1, tough skin 2
a: Burn Spellbooks, Berserk, Trog's Hand, Brothers in Arms, Renounce Religion


You were in the Dungeon.
You worshipped Trog.
Trog was exalted by your worship.
You were not hungry.

You visited 1 branch

Inventory:

Hand weapons
 i - a +2 dire flail of venom
Armour
 a - a +0 animal skin (worn)
 m - a +2 cloak (worn)
Jewellery
 n - a +2 ring of protection (left claw)
 o - a +3 ring of dexterity (right claw)
Magical devices
 l - a wand of cold (7)
Scrolls
 h - 2 scrolls of blinking
 k - 4 scrolls of remove curse
 q - a scroll of fog
 r - 2 scrolls of enchant weapon
 t - a scroll of fear
Potions
 c - 6 potions of curing
 d - 5 potions of heal wounds
 e - 2 potions of haste
 f - 4 potions of magic
 g - a potion of berserk rage
 j - a potion of invisibility
 p - 2 potions of cure mutation
Comestibles
 b - 2 bread rations


   Skills:
 * Level 11.1 Fighting
 * Level 13.0 Dodging
 + Level 1.5 Stealth
 * Level 14.7 Unarmed Combat


You had 9 spell levels left.
You didn't know any spells.

Dungeon Overview and Level Annotations

Branches:
Dungeon (1/1)

Altars:
Cheibriados
Dithmenos
Elyvilon
Fedhas
Gozag
Kikubaaqudgha
Makhleb
Nemelex Xobeh
Okawaru
Qazlal
Ru
Sif Muna
Trog
Vehumet
Xom
Yredelemnul
Zin
The Shining One
Beogh
Jiyva
Lugonu


Innate Abilities, Weirdness & Mutations

You are too large for most types of armour.
You have claws for hands.
Your metabolism is lightning-fast.
You like to eat raw meat.
You heal very quickly.
You are covered in fur (AC +1).
You have very tough skin (AC +2).


Message History

* * * LOW HITPOINT WARNING * * *
The giant leech draws strength from your injuries!
You mangle the giant leech!!
The giant leech is severely wounded.
You feel sick.
You mangle the giant leech!!
You kill the giant leech!
Trog accepts your kill.
Your Dodging skill increases to level 13!
You feel sick.
You feel sick. The giant leech bites you!
* * * LOW HITPOINT WARNING * * *
You see here a giant leech corpse.
You mangle the giant leech!!
The giant leech is heavily wounded.
You feel sick.
You miss the giant leech.
The giant leech is heavily wounded.
You feel sick. The giant leech bites you!!
You die...

▓▓▓▓▓▓▓▓▓▓▓▓▓▓▓▓▓▓▓▓▓▓▓▓▓▓▓▓▓▓▓▓▓
.()....))'..[.[)|?.'_____________
▓▓▓▓▓▓▓▓▓▓▓▓▓▓▓▓▓▓▓▓▓▓▓▓▓▓▓▓▓▓▓▓▓
.................................
▓▓▓▓▓▓▓▓▓▓▓▓▓▓▓▓▓▓▓▓▓▓▓▓▓▓▓▓▓▓▓▓▓
.....yw@†)†.....††'.....
▓▓▓▓▓▓▓▓▓▓▓▓▓▓▓▓▓▓▓▓▓▓▓▓


You could see a giant leech and a vampire mosquito.

Vanquished Creatures
  A centaur warrior (D)
  2 hill giants (D)
  3 spiny frogs (D)
  2 black mambas (D)
  A fire drake (D)
  A two-headed ogre (D)
  A troll (D)
  2 blink frogs (D)
  A giant leech (D)
  2 yaks (D)
  2 water moccasins (D)
  A black bear (D)
  2 porcupines (D)
  A sky beast (D)
  6 giant frogs (D)
  An iguana (D)
  2 shadow imps (D)
  3 river rats (D)
  An orc (D)
  3 bats (D)
  2 giant cockroach zombies (D)
  A jackal skeleton (D)
  3 kobolds (D)
  2 rats (D)
46 creatures vanquished.

Vanquished Creatures (others)
  A plant (D)
1 creature vanquished.

Grand Total: 47 creatures vanquished

Notes
Turn   | Place    | Note
--------------------------------------------------------------
     0 | D        | nuthulu the Troll Berserker began the quest for the Orb.
     0 | D        | Reached XP level 1. HP: 22/22 MP: 0/0
     8 | D        | Acquired Trog's second power
    43 | D        | Noticed a sky beast
    69 | D        | Killed a sky beast
    69 | D        | Reached skill level 4 in Fighting
    69 | D        | Reached skill level 5 in Unarmed Combat
    69 | D        | Reached XP level 2. HP: 10/33 MP: 1/1
    69 | D        | Reached XP level 3. HP: 12/40 MP: 2/2
    69 | D        | Reached XP level 4. HP: 14/49 MP: 3/3
   132 | D        | Found a glowing silver altar of Zin.
   132 | D        | Found a glowing golden altar of the Shining One.
   132 | D        | Found an ancient bone altar of Kikubaaqudgha.
   132 | D        | Found a basalt altar of Yredelemnul.
   132 | D        | Found a shimmering altar of Xom.
   132 | D        | Found a radiant altar of Vehumet.
   133 | D        | Found an iron altar of Okawaru.
   134 | D        | Found a burning altar of Makhleb.
   135 | D        | Found a deep blue altar of Sif Muna.
   136 | D        | Found a bloodstained altar of Trog.
   137 | D        | Found a sparkling altar of Nemelex Xobeh.
   138 | D        | Found a white marble altar of Elyvilon.
   139 | D        | Found a roughly hewn altar of Beogh.
   140 | D        | Found a viscous altar of Jiyva.
   141 | D        | Found a corrupted altar of Lugonu.
   142 | D        | Found a blossoming altar of Fedhas.
   143 | D        | Found a snail-covered altar of Cheibriados.
   144 | D        | Found a shadowy altar of Dithmenos.
   145 | D        | Found a stormy altar of Qazlal.
   146 | D        | Found an opulent altar of Gozag.
   147 | D        | Found a sacrificial altar of Ru.
   179 | D        | Noticed a hill giant
   179 | D        | Noticed a two-headed ogre
   179 | D        | Noticed a giant frog
   181 | D        | Killed a giant frog
   181 | D        | Acquired Trog's third power
   181 | D        | Reached skill level 5 in Fighting
   181 | D        | Reached skill level 5 in Dodging
   181 | D        | Reached skill level 6 in Unarmed Combat
   181 | D        | Reached XP level 5. HP: 57/57 MP: 4/4
   185 | D        | Killed a two-headed ogre
   185 | D        | Reached skill level 7 in Dodging
   185 | D        | Reached skill level 8 in Unarmed Combat
   185 | D        | Reached XP level 6. HP: 68/68 MP: 5/5
   192 | D        | Killed a hill giant
   192 | D        | Reached skill level 9 in Dodging
   192 | D        | Reached skill level 10 in Unarmed Combat
   192 | D        | Reached XP level 7. HP: 73/80 MP: 6/6
   236 | D        | Noticed a centaur warrior
   236 | D        | Noticed a troll
   236 | D        | Noticed a black bear
   236 | D        | Noticed a hill giant
   240 | D        | Killed a hill giant
   240 | D        | Reached skill level 11 in Unarmed Combat
   240 | D        | Reached XP level 8. HP: 89/89 MP: 7/7
   243 | D        | Killed a black bear
   243 | D        | Received a gift from Trog
   243 | D        | Reached skill level 10 in Dodging
   247 | D        | Killed a troll
   255 | D        | Killed a centaur warrior
   255 | D        | Reached skill level 12 in Unarmed Combat
   255 | D        | Reached XP level 9. HP: 42/101 MP: 8/8
   447 | D        | Noticed a giant frog
   447 | D        | Noticed an iguana
   447 | D        | Noticed a fire drake
   447 | D        | Noticed a porcupine
   447 | D        | Noticed a spiny frog
   447 | D        | Noticed a water moccasin
   448 | D        | Noticed a water moccasin
   450 | D        | Killed a water moccasin
   452 | D        | Killed a spiny frog
   452 | D        | Reached skill level 13 in Unarmed Combat
   454 | D        | Killed a porcupine
   458 | D        | Killed a fire drake
   458 | D        | Reached skill level 10 in Fighting
   459 | D        | Noticed a black mamba
   460 | D        | Killed an iguana
   460 | D        | Received a gift from Trog
   461 | D        | Killed a giant frog
   462 | D        | Killed a water moccasin
   470 | D        | Killed a black mamba
   470 | D        | Reached skill level 1 in Stealth
   506 | D        | Noticed a porcupine
   506 | D        | Noticed a giant frog
   506 | D        | Noticed a yak
   506 | D        | Noticed a blink frog
   506 | D        | Noticed a giant frog
   507 | D        | Killed a giant frog
   510 | D        | Killed a blink frog
   512 | D        | Noticed a yak
   515 | D        | Noticed a black mamba
   516 | D        | Killed a yak
   516 | D        | Received a gift from Trog
   516 | D        | Reached XP level 10. HP: 91/111 MP: 9/9
   518 | D        | Killed a giant frog
   519 | D        | Killed a porcupine
   525 | D        | Killed a yak
   525 | D        | Reached skill level 14 in Unarmed Combat
   527 | D        | Killed a black mamba
   612 | D        | Noticed a giant frog
   612 | D        | Noticed a spiny frog
   612 | D        | Noticed a blink frog
   612 | D        | Noticed a spiny frog
   612 | D        | Noticed a giant frog
   614 | D        | Killed a giant frog
   615 | D        | Noticed a giant leech
   617 | D        | Noticed a giant leech
   618 | D        | Killed a spiny frog
   618 | D        | Received a gift from Trog
   619 | D        | Noticed a vampire mosquito
   626 | D        | Killed a blink frog
   628 | D        | Killed a spiny frog
   629 | D        | Killed a giant frog
   635 | D        | Killed a giant leech
   638 | D        | Slain by a giant leech

Vault maps used:
D:        linesprint

Action                   |  1- 3 |  4- 6 |  7- 9 | 10-12 || total
-------------------------+-------+-------+-------+-------++-------
Melee: Unarmed           |    35 |    14 |    46 |    34 ||   129
Invok: Berserk           |     1 |     1 |     2 |     1 ||     5
  Use: Scroll            |       |       |     2 |       ||     2
  Eat: Chunk             |     4 |       |     6 |     1 ||    11
